 Dungeon Crawl Stone Soup version 0.20-a0-864-g92acfd1 (console) character file.

259 itsmu the Shooter (level 6, -2/43 HPs)
             Began as a Barachi Arcane Marksman on Mar 12, 2017.
             Killed from afar by an orc wizard (7 damage)
             ... with a magic dart
             ... on level 4 of the Dungeon.
             The game lasted 00:11:19 (4183 turns).

itsmu the Shooter (Barachi Arcane Marksman)         Turns: 4183, Time: 00:11:22

Health: -2/43      AC:  3    Str: 11    XL:     6   Next: 17%
Magic:  6/9        EV: 12    Int: 15    God:
Gold:   168        SH:  0    Dex: 13    Spells: 2/9 levels left

rFire    . . .     SeeInvis .   b - +0 short sword
rCold    . . .     Gourm    .   e - +0 robe
rNeg     . . .     Faith    .   (no shield)
rPois    .         Spirit   .   i - +0 helmet
rElec    .         Reflect  .   (no cloak)
rCorr    .         Harm     .   (no gloves)
MR       .....                  (no boots)
Stlth    +.........             (no amulet)
Regen    0.2/turn               (no ring)
MPRegen  0.2/turn               (no ring)

@: very slightly contaminated, hasted, quick
A: +LOS, swims, slowness 1, strong legs 1
a: Hop


You were on level 4 of the Dungeon.
You were not hungry.

You visited 1 branch of the dungeon, and saw 5 of its levels.

You collected 168 gold pieces.

Inventory:

Hand Weapons
 a - a +0 shortbow
 b - a +0 short sword (weapon)
   (You took it off a kobold on level 1 of the Dungeon)
 g - a +0 long sword
   (You found it on level 2 of the Dungeon)
 t - a +2 spear of piercing
   (You found it on level 2 of the Dungeon)
Armour
 e - a +0 robe (worn)
 h - a +0 leather armour
   (You found it on level 1 of the Dungeon)
 i - a +0 helmet (worn)
   (You found it on level 1 of the Dungeon)
Jewellery
 m - an uncursed ring of protection from cold {unknown}
   (You found it on level 1 of the Dungeon)
 n - an uncursed ring of magical power {unknown}
   (You found it on level 3 of the Dungeon)
Scrolls
 k - 2 scrolls of amnesia
 l - 3 scrolls of identify
 o - a scroll of immolation {unknown}
 r - a scroll of teleportation
 s - a scroll of noise
 u - a scroll of recharging {unknown}
 x - a scroll of magic mapping {unknown}
Books
 c - a book of Debilitation

   Spells                             Type                      Level
   a - Corona                         Hexes                        1
   b - Slow                           Hexes                        2
   c - Inner Flame                    Hexes/Fire                   3
   d - Portal Projectile              Hexes/Translocation          3
   e - Cause Fear                     Hexes                        4
   f - Leda's Liquefaction            Hexes/Earth                  4
 w - a book of Misfortune
   (You found it on level 3 of the Dungeon)

   Spells                             Type                      Level
   a - Confusing Touch                Hexes                        1
   b - Confuse                        Hexes                        3
   c - Gell's Gravitas                Translocation                3
   d - Petrify                        Transmutation/Earth          4
   e - Metabolic Englaciation         Hexes/Ice                    5
   f - Yara's Violent Unravelling     Hexes/Transmutation          5
Comestibles
 f - 2 bread rations
 j - a meat ration
 q - 2 royal jellies
 z - 3 chunks of flesh


   Skills:
 - Level 1.2 Fighting
 * Level 4.9 Bows
 - Level 2.1 Dodging
 + Level 2.2 Spellcasting
 + Level 4.8 Hexes


You had 2 spell levels left.
You knew the following spells:

 Your Spells              Type           Power        Failure   Level  Hunger
a - Corona                Hex            ###....      3%          1    #......
b - Slow                  Hex            ###.....     6%          2    ###....
e - Cause Fear            Hex            ###.......   34%         4    #####..


Dungeon Overview and Level Annotations

Branches:
Dungeon (5/15)
 Temple: D:4-7

Altars:
Dithmenos
Wu Jian

Shops:
D:4 :


Innate Abilities, Weirdness & Mutations

Shadows flee at your approach. (+LOS)
You can swim through water.
You cover ground slowly.
You can hop short distances.


Message History

The orc wizard points at you and mumbles some strange words.
The puff of flame hits you!
* * * LOW HITPOINT WARNING * * *
The orc shouts!
You hit the orc wizard.
The orc wizard is almost dead.
You hear a shout!
You hit the orc wizard but do no damage.
The orc wizard is almost dead.
The orc wizard hits you with a dagger.
* * * LOW HITPOINT WARNING * * *
You hit the orc wizard but do no damage.
The orc wizard is almost dead.
You hit the orc wizard but do no damage.
The orc wizard is almost dead.
The orc wizard stops glowing and disappears.
You hear some strange, mumbled words.
A magic dart appears from out of thin air!
The magic dart hits you!
You die...

#....# #.##.#
####)# #.# #.# #.#
#.# #.# #.# #.#
#.# #.# #.######
#.# #M#....# #.#
##{#.##.###.#
####oo..>#.#..<#
#.......#.##.#)###
###.#.(........# #
#...##.#!..#
#..###.#.#.# ###
..#.....
####.#...o.


You could see 2 orcs.

Vanquished Creatures
  Blork the orc (D:4)
  A hound (D:3)
  A worker ant (D:4)
  6 adders
  3 worms
  A dart slug (D:1)
  4 leopard geckos
  2 orcs (D:4)
  4 giant cockroaches
  12 goblins
  3 hobgoblins
  3 jackals (D:2)
  3 quokkas
  2 ball pythons
  7 bats
  7 frilled lizards
  6 kobolds
  5 rats
71 creatures vanquished.

Notes
Turn   | Place    | Note
-------+----------+-------------------------------------------
     0 | D:1      | itsmu the Barachi Arcane Marksman began the quest for the Orb.
     0 | D:1      | Reached XP level 1. HP: 15/15 MP: 2/2
   209 | D:1      | Reached XP level 2. HP: 21/21 MP: 3/3
   440 | D:1      | Learned a level 2 spell: Slow
   653 | D:1      | Reached XP level 3. HP: 23/26 MP: 4/4
   934 | D:2      | Found a shadowy altar of Dithmenos.
  1395 | D:2      | Reached XP level 4. HP: 26/32 MP: 0/5
  2918 | D:3      | Reached XP level 5. HP: 26/37 MP: 2/6
  3031 | D:3      | Found an ornate altar of the Wu Jian Council.
  3673 | D:3      | Learned a level 4 spell: Cause Fear
  3719 | D:4      | Noticed Blork the orc
  3729 | D:4      | Killed Blork the orc
  3729 | D:4      | Reached XP level 6. HP: 33/43 MP: 4/9
  3811 | D:4      | Found Sear's Book Boutique.
  4046 | D:5      | Entered Level 5 of the Dungeon
  4046 | D:5      | Noticed a water moccasin
  4183 | D:4      | Killed from afar by an orc wizard

Vault maps used:
D:1:      scummos_arrival_star, minmay_pentomino_o2
D:2:      overflow_temple_1_default, first_bread, nrook_uturn,
          patterned_corridor
D:3:      lemuel_doored_altar, serial_bayou_pond_c
D:4:      serial_shops, shop, serial_bayou_ford_a, grunt_qazlal_clouds,
          uniq_blork_the_orc
D:5:      old_standard_altar, nicolae_overflow_crystal_walls,
          uniq_prince_ribbit1

Skill      XL: |  1  2  3  4  5 |
---------------+----------------+-----
Bows           | 3 4 |  4.9
Hexes          | 4 |  4.8
Spellcasting   | 2 |  2.2
Fighting       | |  1.2
Dodging        | |  2.1

Action                   |  1- 3 |  4- 6 || total
-------------------------+-------+-------++-------
Melee: Short sword       |    86 |   147 ||   233
 Fire: Shortbow          |    30 |    66 ||    96
 Cast: Slow              |    11 |    29 ||    40
       Corona            |       |    20 ||    20
 Abil: Hop               |       |     4 ||     4
  Use: Scroll            |     1 |     4 ||     5
       Potion            |       |     2 ||     2
 Stab: Sleeping          |     1 |       ||     1
  Eat: Chunk             |     3 |    13 ||    16
Armor: Robe              |    27 |    26 ||    53
Dodge: Dodged            |    91 |   118 ||   209
